 Dungeon Crawl Stone Soup version 0.30-a0-1112-gfb780f5df6 (webtiles) character file.

Game seed: 3848474601787534700

23 123456 the Digger (level 3, 8/19 HPs)
             Began as a Gargoyle Earth Elementalist on Apr 17, 2023.
             Was a Follower of Lugonu.
             Quit the game on level 2 of the Dungeon on Apr 19, 2023.
             The game lasted 00:01:36 (1078 turns).

123456 the Digger (Gargoyle Earth Elementalist)     Turns: 1078, Time: 00:01:37

Health: 8/19       AC:  6    Str: 11    XL:     3   Next: 0%
Magic:  0/6        EV: 12    Int: 15    God:    Lugonu [*.....]
Gold:   75         SH:  0    Dex: 12    Spells: 5/6 levels left

rFire   . . .      SeeInvis .    g - +0 dagger
rCold   . . .      Faith    .    (no shield)
rNeg    + . .      Spirit   .    a - +0 robe
rPois   ∞          Reflect  .    (no helmet)
rElec   +          Rampage  .    (no cloak)
rCorr   .                        (no gloves)
Will    .....                    d - +0 pair of boots
Stlth   ++                       (no amulet)
HPRegen 0.23/turn                (no ring)
MPRegen 0.10/turn                (no ring)

@: no status effects
A: sickness immunity, AC +3, negative energy resistance 1, electricity
resistance, torment resistance 1, petrification resistance
a: Renounce Religion, Depart the Abyss


You were on level 2 of the Dungeon.
You worshipped Lugonu.
Lugonu was aware of your devotion.
You visited 1 branch of the dungeon, and saw 2 of its levels.

You collected 75 gold pieces.

Inventory:

Hand Weapons
 g - a +0 dagger (weapon)
Armour
 a - a +0 robe (worn)
 d - a +0 pair of boots (worn)
Scrolls
 e - a scroll of blinking {unknown}
 f - a scroll of immolation {unknown}
 i - a scroll of enchant armour {unknown}
Potions
 b - a potion of magic
 c - a potion of might {unknown}
 h - a potion of curing {unknown}


   Skills:
 + Level 1.8 Dodging
 + Level 2.4 Stealth
 * Level 2.4 Spellcasting
 - Level 0.7 Transmutations
 * Level 4.1 Earth Magic


You had 5 spell levels left.
You knew the following spells:

 Your Spells              Type           Power      Damage    Failure   Level
a - Sandblast             Erth           28%        2d8       4%          1

Your spell library contained the following spells:

 Spells                   Type           Power      Damage    Failure   Level
 Passwall                 Tmut/Erth      7%         N/A       12%         2
 Stone Arrow              Conj/Erth      16%        3d8       26%         3
 Petrify                  Tmut/Erth      9%         N/A       61%         4


Dungeon Overview and Level Annotations

Branches:
Dungeon (2/15)

Altars:
Lugonu

Annotations:
D:2 Terence


Innate Abilities, Weirdness & Mutations

You are immune to sickness and miasma.
Your stone body is resilient. (AC +3)
You are immune to poison.
You resist negative energy. (rN+)
You are resistant to electric shocks. (rElec)
You are resistant to unholy torment.
You are immune to petrification.


Message History

The blast of sand hits the bat!
You kill the bat!
Lugonu accepts your kill.
You have reached level 3!
Your experience leads to an increase in your attributes!
Increase (S)trength, (I)ntelligence, or (D)exterity?
You feel agile. x2
Magic restored.
You see here a bat corpse.
Terence the Incautious comes into view.
He is wielding a +0 short sword.
Terence is nearby!
Terence is nearby!
Terence is nearby!
You can't see any susceptible monsters within range! (Use Z to cast anyway.)
You can't see any susceptible monsters within range! (Use Z to cast anyway.)
The blast of sand hits Terence but does no damage.
Terence shouts!
Terence hits you with a +0 short sword.
The blast of sand hits Terence but does no damage.
Terence hits you but does no damage.
The blast of sand hits Terence but does no damage.
Terence hits you but does no damage. Terence closely misses you.
The blast of sand hits Terence but does no damage.
Terence hits you with a +0 short sword!
You hit Terence but do no damage. Terence hits you with a +0 short sword.
Terence is nearby!
Terence is nearby!
You closely miss Terence. Terence misses you.
The blast of sand hits Terence but does no damage.
Terence hits you but does no damage. x2
The blast of sand hits Terence but does no damage.
Terence hits you but does no damage.
The blast of sand hits Terence.
Terence is lightly wounded.
Terence closely misses you.
Terence screams, "I'm going to kill you!"
Terence hits you with a +0 short sword.
You are too injured to fight recklessly!
You are too injured to fight recklessly!
Are you sure you want to abandon this character and quit the game? (Confirm with "yes".)

# #.# #.# #.###.# #.#
.....# #.###.#
####..#####....#
#.......†...# #
#.##>.......# .### ##
#.##..#####.# ....#
.#####.##..# #.#......
.......##..# #@.......
....#####..# #.@.......
#.#......... ..........#
#...####).#####....#####
#..##### ......
......<.. ###...##
#..####.. ..... #..#
...... #..#


You could see Terence.

Vanquished Creatures
  3 endoplasms (D:1)
  A giant cockroach (D:1)
  A goblin (D:1)
  2 hobgoblins (D:1)
  A kobold (D:1)
  7 ball pythons (D:1)
  3 bats
  2 frilled lizards (D:1)
  A rat (D:1)
21 creatures vanquished.

Notes
Turn   | Place    | Note
-------+----------+-------------------------------------------
     0 | D:1      | 123456 the Gargoyle Earth Elementalist began the quest for
                  | the Orb.
     0 | D:1      | Reached XP level 1. HP: 10/10 MP: 3/3
    62 | D:1      | Upgraded the game from 0.30-a0-1094-g860fb061e7 to
                  | 0.30-a0-1112-gfb780f5df6
   209 | D:1      | Reached XP level 2. HP: 12/15 MP: 3/5
   360 | D:1      | Found a faded altar of an unknown god.
   367 | D:1      | Prayed at the altar of an unknown god.
   367 | D:1      | Became a worshipper of Lugonu the Unformed
   367 | D:1      | Reached * piety under Lugonu
   460 | D:1      | Reached skill level 4 in Earth Magic
  1041 | D:2      | Reached XP level 3. HP: 19/19 MP: 4/6
  1064 | D:2      | Noticed Terence
  1078 | D:2      | Quit the game

Illustrated notes

Levels and vault maps discovered:
D:1:      heliophobic_arrival_battle_scene, layout_basic,
          basic_ecumenical_altar, serial_glass, glass_columns_a,
          glass_columns_a, glass_columns_c, glass_columns_c, glass_columns_a,
          glass_columns_a, hangedman_decor_opposing
D:2:      layout_loops_ring, hex_large, uniq_sigmund, uniq_terence

Skill      XL: |  1  2 |
---------------+-------+-----
Earth Magic    | 4 |  4.1
Dodging        | |  1.8
Stealth        | |  2.4
Spellcasting   | |  2.4
Transmutations | |  0.7

Action                     || total
---------------------------++-------
  Melee: Unarmed           ||     2
         Dagger            ||    12
   Cast: Sandblast         ||    24
   Stab: Sleeping          ||     3
 Armour: Robe              ||    10
  Dodge: Dodged            ||    17

Table legend: (Time is in decaauts)
 A = Elapsed time spent in this place.
 B = Non-inter-level travel time spent in this place.
 C = Inter-level travel time spent in this place.
 D = Time resting spent in this place.
 E = Time spent auto-exploring this place.
 F = Levels seen in this place.
 G = Mean time per level.
                   A        B        C        D        E       F      G
               +--------+--------+--------+--------+--------+-----+--------+
         Total |   1089 |   1067 |     22 |      0 |    905 |   2 |  544.5 |
       Dungeon |   1089 |   1067 |     22 |      0 |    905 |   2 |  544.5 |
               +--------+--------+--------+--------+--------+-----+--------+

Top non-repeatable levels by time:
     D:1: 1025 daAuts
     D:2: 63 daAuts
